 Dungeon Crawl Stone Soup version 0.25-a0-317-g5f8687bca5 (webtiles) character file.

Game seed: 6614003505518786389, levelgen mode: deterministic

1820 DerDa the Magician (level 9, -5/53 HPs)
             Began as an Octopode Fire Elementalist on Dec 27, 2019.
             Was a Priest of Sif Muna.
             Slain by a manticore (8 damage)
             ... on level 6 of the Dungeon.
             The game lasted 00:22:25 (5869 turns).

DerDa the Magician (Octopode Fire Elementalist)     Turns: 5869, Time: 00:22:26

Health: -5/53      AC:  1    Str:  8    XL:     9   Next: 10%
Magic:  8/19       EV: 14    Int: 20    God:    Sif Muna [***...]
Gold:   72         SH:  0    Dex: 12    Spells: 8/21 levels left

rFire    . . .     SeeInvis .   b - +2 trident (venom)
rCold    . . .     Gourm    .   (no shield)
rNeg     . . .     Faith    .   (helmet restricted)
rPois    .         Spirit   .   (no amulet)
rElec    .         Reflect  .   j - ring of wizardry
rCorr    .         Harm     .   r - ring of attention (curse)
MR       .....                  (no ring)
Stlth    ++........             (no ring)
HPRegen  0.17/turn              (no ring)
MPRegen  0.16/turn              (no ring)
                                (no ring)
                                (no ring)

@: no status effects
A: almost no armour, stealthy swim, amphibious, 8 rings, constrict 8, camouflage
1, gelatinous body 1
a: Channel Magic, Forget Spell, Renounce Religion


You were on level 6 of the Dungeon.
You worshipped Sif Muna.
Sif Muna was most pleased with you.
You were not hungry.

You visited 1 branch of the dungeon, and saw 6 of its levels.

You collected 271 gold pieces.
You spent 199 gold pieces at shops.

Inventory:

Hand Weapons
 a - a +1 whip of electrocution
 b - a +2 trident of venom (weapon)
Armour
 m - a +0 buckler
Jewellery
 j - a ring of wizardry (left tentacle)
 r - a cursed ring of attention (right tentacle)
Wands
 d - a wand of flame (12)
 v - a wand of polymorph (7)
Scrolls
 e - 2 scrolls of blinking
 f - 4 scrolls of teleportation
 h - 3 scrolls of remove curse
 i - 4 scrolls of enchant armour
 n - a scroll of fog
 o - a scroll of immolation
 q - 2 scrolls of enchant weapon
 w - a scroll of fear
 x - 2 scrolls of magic mapping
 y - a scroll of amnesia
Potions
 c - a potion of heal wounds {unknown}
 g - 4 potions of curing
 k - 2 potions of resistance {unknown}
 p - 2 potions of agility {unknown}
 t - 2 potions of ambrosia {unknown}
 z - a potion of lignification {unknown}
 A - a potion of flight {unknown}
 B - a potion of invisibility {unknown}
Comestibles
 s - 14 rations


   Skills:
 - Level 1.1 Fighting
 - Level 1.7 Maces & Flails
 - Level 2.6 Dodging
 - Level 4.0 Stealth
 * Level 3.5 Shields
 * Level 6.7 Spellcasting
 + Level 4.9 Conjurations
 + Level 6.1 Fire Magic


You had 8 spell levels left.
You knew the following spells:

 Your Spells              Type           Power        Failure   Level  Hunger
a - Foxfire               Conj/Fire      ####         1%          1    None
b - Conjure Flame         Conj/Fire      ####....     1%          3    #......
c - Sticky Flame          Conj/Fire      ####....     4%          4    ###....
d - Fireball              Conj/Fire      ####......   12%         5    #####..

Your spell library contained the following spells:

 Spells                   Type           Power        Failure   Level  Hunger
 Inner Flame              Hex/Fire       ###.....     3%          3    #......


Dungeon Overview and Level Annotations

Branches:
Dungeon (6/15)
 Temple: D:4-7

Altars:
Fedhas
Gozag
Ru
Sif Muna
Xom

Shops:
D:5 [%*   D:6 !

Annotations:
D:4 3 runed translucent doors, swagumen's ghost, amateur FeVM


Innate Abilities, Weirdness & Mutations

You cannot wear most types of armour.
You are very stealthy in the water. (Stealth+)
You are amphibious.
You can wear up to eight rings at the same time.
You can use your tentacles to constrict eight enemies at once.
Your skin changes colour to match your surroundings (Stealth+).
Your rubbery body absorbs attacks. (AC +1, EV +1)


Message History

You hit the manticore.
The manticore is lightly wounded.
The manticore burns!
The manticore closely misses you. The manticore barely misses you.
The manticore misses you.
The manticore burns!
Your +1 whip of electrocution stops crackling.
Your +2 trident of venom begins to drip with poison!
b - a +2 trident of venom (weapon)
The manticore burns!
The manticore bites you. The manticore claws you.
* * * LOW HITPOINT WARNING * * *
The manticore closely misses you.
Attack whom?
Press: ? - help, Dir - move target cursor, f/p - manticore
Aim: a manticore (heavily wounded, covered in liquid flames)
You hit the manticore but do no damage.
The manticore is poisoned.
The manticore is heavily wounded.
The manticore burns!
The manticore closely misses you. The manticore claws you!
* * * LOW HITPOINT WARNING * * *
The manticore claws you!
You die...

.....(..##.......#
#.......#.....##.#
#$.##?#.#.....##.####
#..##.#.......#.....#
....###))...#.....#
............#.....#
.##.#.o.)#####'####
#. ##H#.....#.#
##@#.###.#.####...
#....# #..<.......
##.### #######.###
#.# #.##########
#####...........
#.....##.#....#
########.#.##.#
#.....#.# ###


You could see a manticore (burning) and an orc warrior.

Vanquished Creatures
  Grinder (D:6)
  Sigmund (D:2)
  A sky beast (D:5)
  2 ogres
  A necrophage (D:5)
  A centaur (D:5)
  A gnoll sergeant (D:5)
  A water moccasin skeleton (D:5)
  A howler monkey (D:6)
  A jelly (D:6)
  3 hounds
  Crazy Yiuf (D:3)
  4 orc priests
  An iguana (D:4)
  4 orc wizards
  Terence (D:2)
  A bullfrog skeleton (D:4)
  Natasha (D:2)
  3 worker ants
  A hound skeleton (D:6)
  11 gnolls (D:5)
  9 adders
  A shadow imp (D:5)
  An adder zombie (D:5)
  An adder skeleton (D:4)
  3 worms
  5 dart slugs
  5 leopard geckos
  22 orcs
  9 giant cockroaches
  15 goblins
  13 hobgoblins
  2 quokkas
  A ball python (D:1)
  10 bats
  4 frilled lizards
  A jackal zombie (D:6)
  12 kobolds
  7 rats
163 creatures vanquished.

Vanquished Creatures (others)
  205 foxfires
  A plant (D:5)
206 creatures vanquished.

Grand Total: 369 creatures vanquished

Notes
Turn   | Place    | Note
-------+----------+-------------------------------------------
     0 | D:1      | DerDa the Octopode Fire Elementalist began the quest for
                  | the Orb.
     0 | D:1      | Reached XP level 1. HP: 11/11 MP: 3/3
    77 | D:1      | Reached XP level 2. HP: 12/17 MP: 1/5
   554 | D:1      | Reached XP level 3. HP: 15/21 MP: 4/6
   706 | D:2      | Noticed Terence
   748 | D:2      | Noticed Sigmund
  1119 | D:3      | Found a shimmering blue altar of Sif Muna.
  1127 | D:3      | Became a worshipper of Sif Muna the Loreminder
  1134 | D:3      | Found an opulent altar of Gozag.
  1244 | D:3      | Reached XP level 4. HP: 14/27 MP: 0/8
  1534 | D:3      | Reached skill level 1 in Maces & Flails
  1534 | D:3      | Reached XP level 5. HP: 32/32 MP: 4/9
  1625 | D:3      | Learned a level 3 spell: Conjure Flame
  1630 | D:3      | Learned a level 4 spell: Sticky Flame
  1704 | D:3      | Found a runed translucent door.
  1705 | D:3      | Noticed Crazy Yiuf
  1802 | D:3      | Reached * piety under Sif Muna
  1947 | D:3      | Killed Crazy Yiuf
  1947 | D:3      | Reached skill level 1 in Fighting
  2500 | D:2      | Noticed Natasha
  2508 | D:2      | Killed Natasha
  2778 | D:2      | Killed Terence
  2778 | D:2      | Reached XP level 6. HP: 38/38 MP: 1/10
  2846 | D:2      | Killed Sigmund
  3196 | D:4      | Reached XP level 7. HP: 37/43 MP: 7/13
  3259 | D:4      | Learned a level 5 spell: Fireball
  3603 | D:4      | Found a sacrificial altar of Ru.
  3763 | D:4      | Found a runed translucent gate.
  3764 | D:4      | Found a runed translucent gate.
  3765 | D:4      | Found a runed translucent gate.
  3767 | D:4      | Noticed swagumen's ghost (amateur FeVM)
  3788 | D:4      | You fall into a shaft and drop 1 floor!
  3788 | D:5      | Entered Level 5 of the Dungeon
  3791 | D:5      | Reached ** piety under Sif Muna
  3971 | D:5      | Reached skill level 5 in Spellcasting
  3971 | D:5      | Reached skill level 5 in Fire Magic
  4011 | D:5      | Reached XP level 8. HP: 15/48 MP: 5/16
  4482 | D:5      | Found a blossoming altar of Fedhas.
  4575 | D:5      | Found a shimmering altar of Xom.
  4702 | D:5      | Reached skill level 1 in Shields
  4842 | D:5      | Found Judi's Food Shoppe.
  4876 | D:5      | Found Uteb's Assorted Antiques.
  4879 | D:5      | Bought a blue potion for 27 gold pieces
  4879 | D:5      | Bought a fizzy sapphire potion for 27 gold pieces
  4879 | D:5      | Bought a scroll labeled QIAWE BUEBILI for 31 gold pieces
  4879 | D:5      | Bought a scroll labeled QIAWE BUEBILI for 31 gold pieces
  4879 | D:5      | Bought a cyan potion for 27 gold pieces
  4970 | D:5      | Reached *** piety under Sif Muna
  5162 | D:5      | Found Bageolo's Armour Emporium.
  5257 | D:6      | Noticed Grinder
  5262 | D:6      | Killed Grinder
  5583 | D:6      | Found Nemel's Distillery.
  5587 | D:6      | Bought a potion of degeneration for 14 gold pieces
  5587 | D:6      | Bought a potion of curing for 42 gold pieces
  5648 | D:6      | Reached XP level 9. HP: 53/53 MP: 15/18
  5692 | D:6      | Noticed a manticore
  5869 | D:6      | Slain by a manticore

Levels and vault maps discovered:
D:1:      dpeg_arrival_rooms_with_view, layout_loops_cross,
          minmay_shallow_snake_nest
D:2:      minmay_door_path, layout_loops_corners, first_ration, uniq_sigmund,
          uniq_natasha, uniq_terence
D:3:      layout_loops_ring, amethyst_overflow_temple_binary,
          uniq_crazy_yiuf_cottage
D:4:      layout_basic, gammafunk_ghost_necromancy,
          nicolae_ru_the_path_less_chosen
D:5:      corexii_shantytown, layout_loops_corners, lemuel_crystal_altar,
          lemuel_coloured_pillars_altar, serial_shops, shop, nicolae_shop_stone,
          shop, lightli_minifort
D:6:      layout_basic, serial_shops, shop_fountains, uniq_grinder

Skill      XL: |  1  2  3  4  5  6  7  8  9 |
---------------+----------------------------+-----
Stealth        | 3 4 |  4.0
Maces & Flails | 1 |  1.7
Fighting       | 1 |  1.1
Spellcasting   | 3 4 5 6 |  6.7
Conjurations   | 2 3 4 |  4.9
Fire Magic     | 4 5 6 |  6.1
Shields        | 3 |  3.5
Dodging        | |  2.6

Action                   |  1- 3 |  4- 6 |  7- 9 || total
-------------------------+-------+-------+-------++-------
Melee: Whip              |    30 |    65 |    18 ||   113
       Constrict         |     7 |    18 |    20 ||    45
       Unarmed           |     1 |       |       ||     1
       Tentacles         |     4 |     5 |     9 ||    18
       Trident           |       |       |    80 ||    80
 Cast: Foxfire           |    39 |    27 |    59 ||   125
       Sticky Flame      |       |     5 |    12 ||    17
       Fireball          |       |       |    10 ||    10
  Use: Scroll            |       |       |    10 ||    10
 Stab: Sleeping          |     2 |     8 |    13 ||    23
  Eat: Chunk             |     1 |     8 |    13 ||    22
Armor: Skin              |     8 |     5 |     1 ||    14
Dodge: Dodged            |    20 |    43 |    51 ||   114

Table legend:
 A = Non-vault XP
 B = Vault XP
 C = Vault XP percentage of total XP
 D = Non-vault monster count
 E = Vault monster count
 F = Vault count percentage of total count
                 A         B        C        D         E       F
            +---------+---------+-------+---------+---------+-------
      Total |    1723 |     877 |  33.7 |     114 |      49 |  30.1
            +---------+---------+-------+---------+---------+-------
        D:1 |      38 |       4 |   9.5 |      19 |       3 |  13.6
        D:2 |      18 |     291 |  94.2 |       9 |       7 |  43.8
        D:3 |     149 |      44 |  22.8 |      33 |       1 |   2.9
        D:4 |     414 |       0 |   0.0 |      19 |       0 |   0.0
        D:5 |     610 |     284 |  31.8 |      13 |      37 |  74.0
        D:6 |     494 |     254 |  34.0 |      21 |       1 |   4.5
            +---------+---------+-------+---------+---------+-------
